 Dungeon Crawl Stone Soup version 0.23.2-33-g5129a83184 (webtiles) character file.

Game seed: 8594986613971122692

340 DorianNounverber the Thaumaturge (level 6, -2/32 HPs)
             Began as a Deep Elf Wizard on July 10, 2019.
             Was an Initiate of Sif Muna.
             Slain by a worker ant (6 damage)
             ... on level 4 of the Dungeon.
             The game lasted 00:16:28 (5836 turns).

DorianNounverber the Thaumaturge (Deep Elf Wizard)  Turns: 5836, Time: 00:16:28

Health: -2/32      AC:  5    Str:  4    XL:     6   Next: 30%
Magic:  2/19       EV: 13    Int: 25    God:    Sif Muna [......]
Gold:   230        SH:  0    Dex: 13    Spells: 10/21 levels left

rFire    . . .     SeeInvis .   u - +3 flail (protect)
rCold    . . .     Gourm    .   (no shield)
rNeg     . . .     Faith    .   a - +0 robe
rPois    .         Spirit   .   b - +0 hat
rElec    .         Reflect  .   r - +2 cloak
rCorr    .         Harm     .   (no gloves)
MR       .....                  (no boots)
Stlth    ++........             (no amulet)
HPRegen  0.10/turn              (no ring)
MPRegen  0.16/turn              (no ring)

@: no status effects
A: no striking features
a: Renounce Religion


You were on level 4 of the Dungeon.
You worshipped Sif Muna.
Sif Muna was noncommittal.
You were not hungry.

You visited 1 branch of the dungeon, and saw 4 of its levels.

You collected 230 gold pieces.

Inventory:

Hand Weapons
 u - a +3 flail of protection (weapon)
Armour
 a - a +0 robe (worn)
 b - a +0 hat (worn)
 l - a +0 cloak
 r - a +2 cloak (worn)
Wands
 t - a wand of flame (19)
Scrolls
 c - 2 scrolls of enchant armour {unknown}
 e - a scroll of fear {unknown}
 f - a scroll of immolation {unknown}
 g - 2 scrolls of teleportation {unknown}
 h - 2 scrolls of enchant weapon {unknown}
 j - a scroll of fog {unknown}
 k - 4 scrolls of identify {unknown}
 n - 2 scrolls of remove curse {unknown}
 q - a scroll of blinking {unknown}
 s - a scroll of random uselessness {unknown}
Potions
 i - 2 potions of haste {unknown}
 o - a potion of flight {unknown}
 p - a potion of lignification {unknown}
 v - a potion of mutation {unknown}
Comestibles
 d - 10 rations


   Skills:
 + Level 2.9 Dodging
 + Level 2.5 Stealth
 * Level 8.4 Spellcasting
 + Level 2.2 Conjurations
 + Level 2.6 Summonings
 + Level 1.1 Translocations
 + Level 0.1 Fire Magic


You had 10 spell levels left.
You knew the following spells:

 Your Spells              Type           Power        Failure   Level  Hunger
a - Magic Dart            Conj           ###.         2%          1    None
b - Blink                 Tloc           N/A          5%          2    None
c - Call Imp              Summ           ###.....     3%          2    None
d - Conjure Flame         Conj/Fire      ###.....     11%         3    None
e - Mephitic Cloud        Conj/Pois/Air  ##......     13%         3    None

Your spell library contained the following spells:

 Spells                   Type           Power        Failure   Level  Hunger
 Slow                     Hex            ##......     9%          2    None


Dungeon Overview and Level Annotations

Branches:
Dungeon (4/15)
 Temple: D:4-7

Altars:
Fedhas
Nemelex Xobeh
Sif Muna
Vehumet

Shops:
D:4 =


Message History

An orc wizard comes into view. It is wielding a +0 dagger.
The worker ant misses you.
The orc wizard shouts!
Casting: Blink (safe; 5% risk of failure)
Confirm with . or Enter, or press ? or * to list all spells.
You blink.
An orc priest comes into view. It is wielding a +0 club.
Your magical contamination has completely faded away.
The orc priest shouts!
The worker ant completely misses you.
The orc priest mumbles some strange prayers to Beogh against you.
Beogh smites you!
* * * LOW HITPOINT WARNING * * *
The orc wizard hits you but does no damage.
The worker ant misses you.
Casting: Blink (safe; 5% risk of failure)
Confirm with . or Enter, or press ? or * to list all spells.
You blink.
The worker ant bites you.
You die...

### ##.## ##...#####
#############........#####
#.......a@........§.....>.
##.#####.#####:.......#####
##...####.## #....##.##
#..#...#...####.#.###.#
#..........o.##.#.###.######
#......#...#.##.#....†......
#.#.#.....##.##.#..##.##.#
#......#####.##.#..##.##.###
#.#.#...o...§†.†...†........


You could see a worker ant.

Vanquished Creatures
  A jelly (D:4)
  An orc priest (D:3)
  2 gnolls (D:2)
  3 adders
  3 oozes (D:3)
  2 dart slugs
  4 leopard geckos
  9 orcs
  4 giant cockroaches
  7 goblins
  11 hobgoblins
  4 jackals
  3 quokkas (D:2)
  4 bats
  A frilled lizard (D:4)
  7 kobolds
  5 rats
71 creatures vanquished.

Vanquished Creatures (collateral kills)
  A howler monkey (D:4)
  2 orc priests (D:3)
  2 orc wizards
  Robin (D:3)
  6 worms
  A leopard gecko (D:2)
  5 orcs
  2 bats (D:3)
  9 goblins
  4 hobgoblins
  2 jackals
  A quokka (D:3)
  2 kobolds
38 creatures vanquished.

Grand Total: 109 creatures vanquished

Notes
Turn   | Place    | Note
-------+----------+-------------------------------------------
     0 | D:1      | DorianNounverber the Deep Elf Wizard began the quest for
                  | the Orb.
     0 | D:1      | Reached XP level 1. HP: 10/10 MP: 7/7
   414 | D:1      | Reached XP level 2. HP: 14/15 MP: 2/9
   428 | D:1      | Learned a level 2 spell: Blink
   431 | D:1      | Learned a level 2 spell: Call Imp
   653 | D:1      | Reached skill level 5 in Spellcasting
  1772 | D:2      | Reached XP level 3. HP: 19/19 MP: 2/12
  1881 | D:2      | Learned a level 3 spell: Conjure Flame
  1885 | D:2      | Learned a level 3 spell: Mephitic Cloud
  2145 | D:2      | Reached skill level 6 in Spellcasting
  2515 | D:2      | Reached XP level 4. HP: 24/24 MP: 0/14
  3047 | D:3      | Noticed Robin
  3769 | D:3      | Reached skill level 7 in Spellcasting
  3772 | D:3      | Reached XP level 5. HP: 28/28 MP: 7/16
  4041 | D:3      | Killed Robin
  4112 | D:3      | Found a blossoming altar of Fedhas.
  4441 | D:3      | Found a faded altar of an unknown god.
  4579 | D:3      | Reached skill level 8 in Spellcasting
  5025 | D:3      | Found a deep blue altar of Sif Muna.
  5029 | D:3      | Found a radiant altar of Vehumet.
  5034 | D:3      | Became a worshipper of Sif Muna the Loreminder
  5043 | D:3      | Found a sparkling altar of Nemelex Xobeh.
  5327 | D:4      | Reached XP level 6. HP: 32/32 MP: 13/19
  5373 | D:4      | Found Reheif's Jewellery Shoppe.
  5836 | D:4      | Slain by a worker ant

Skill      XL: |  1  2  3  4  5 |
---------------+----------------+-----
Spellcasting   | 5 6 7 8 |  8.4
Conjurations   | 2 |  2.2
Summonings     | 2 |  2.6
Dodging        | |  2.9
Stealth        | |  2.5
Translocations | |  1.1
Fire Magic     | |  0.1

Action                   |  1- 3 |  4- 6 || total
-------------------------+-------+-------++-------
Melee: Unarmed           |       |     6 ||     6
       Flail             |       |     1 ||     1
 Cast: Magic Dart        |   101 |   125 ||   226
       Call Imp          |    12 |    41 ||    53
       Conjure Flame     |     1 |     7 ||     8
       Blink             |       |    12 ||    12
  Use: Potion            |       |     1 ||     1
  Eat: Ration            |     1 |     2 ||     3
       Chunk             |     1 |     3 ||     4
Armor: Robe              |    16 |    14 ||    30
Dodge: Dodged            |    23 |    62 ||    85
